 Dungeon Crawl Stone Soup version 0.16.1-4-g8e1b745 (webtiles) character file.

184 Draco the Ducker (level 5, -9/33 HPs)
             Began as a Gargoyle Monk on Mar 27, 2015.
             Mangled by an ogre
             ... wielding a +0 giant club
              (17 damage)
             ... on level 4 of the Dungeon.
             The game lasted 00:31:12 (2886 turns).

Draco the Ducker (Gargoyle Monk)                    Turns: 2886, Time: 00:31:12

Health: -9/33      AC:  7    Str: 15    XL:     5   Next: 64%
Magic:  5/5        EV: 14    Int: 10    God:
Gold:   171        SH:  0    Dex: 13    Spells: 0 memorised, 4 levels left

rFire  . . .     SeeInvis .       - Unarmed
rCold  . . .     Clarity  .     a - +0 robe
rNeg   + . .     SustAb   .     (no shield)
rPois  ∞         Gourm    .     (no helmet)
rElec  +         Spirit   .     q - +0 cloak
rCorr  .         Warding  .     (no gloves)
rMut   .         Stasis   .     (no boots)
MR     .....                    (no amulet)
Stlth  ++........               (no ring)
                                (no ring)

@: not resistant to hostile enchantments, unstealthy
A: negative energy resistance 1, electricity resistance, unbreathing,
petrification resistance, rot immunity, AC +4
a: no special abilities


You were on level 4 of the Dungeon.
You were not hungry.

You visited 1 branch of the dungeon, and saw 4 of its levels.

You collected 171 gold pieces.

Inventory:

Hand weapons
 c - a +0 dagger
 f - a +0 dagger
 h - a cursed -3 dagger
 i - a +0 short sword
 n - a +4 quarterstaff of chaos
 t - a +0 spear
 v - a +0 hammer
 x - a +0 spear
 A - a +0 dagger
 G - a +0 hunting sling
 J - a +0 dagger
 K - a cursed +0 dagger
 L - a +0 short sword
 O - a +0 dagger
 Q - a +0 long sword
 R - a +0 hand axe
 V - a +0 hunting sling
 W - a cursed -3 short sword
Missiles
 m - 2 tomahawks (quivered)
 Y - 24 sling bullets
Armour
 a - a +0 robe (worn)
 q - a +0 cloak (worn)
 y - a +0 leather armour
 F - a +0 ring mail
 M - a +0 animal skin
 N - a +0 helmet
Scrolls
 I - a scroll of recharging {unknown}
 P - a scroll of teleportation {unknown}
 Z - a scroll of noise {unknown}
Potions
 e - 3 potions of ambrosia
 p - 2 potions of curing {unknown}
 S - a potion of lignification {unknown}
 X - a potion of flight {unknown}
Comestibles
 b - 6 bread rations
 u - 2 beef jerkies
 T - a fruit


   Skills:
 * Level 3.7 Fighting
 * Level 4.5 Dodging
 + Level 2.5 Stealth
 * Level 4.4 Unarmed Combat


You had 4 spell levels left.
You didn't know any spells.

Dungeon Overview and Level Annotations

Branches:
Dungeon (4/15)
 Temple: D:4-7

Altars:
Elyvilon
Kikubaaqudgha


Innate Abilities, Weirdness & Mutations

You are resistant to torment.
You are immune to poison.
Your stone body is very resilient (AC +4).
You resist negative energy.
You are resistant to electric shocks.
You can survive without breathing.
You are immune to petrification.
You are immune to rotting.


Message History

The hound bites you but does no damage. The hound misses you.
You hit the hound.
The hound is severely wounded.
The hound closely misses you.
You barely miss the hound.
The hound is severely wounded.
The hound misses you.
You miss the hound.
The hound is severely wounded.
The hound bites you but does no damage. The hound misses you.
You closely miss the hound.
The hound is severely wounded.
The hound bites you.
* * * LOW HITPOINT WARNING * * *
You hit the hound.
You kill the hound!
There is a stone staircase leading up here.
The ogre hits you with a giant club!
Ouch! That really hurt!
You die...

### #.# #.#
##########.#
#@O........#
##########.#######
####.#......
#...........
#...........
#...........
#..............
#..............
#..............


You could see an ogre.

Vanquished Creatures
  Crazy Yiuf (D:2)
  A hound (D:4)
  Robin (D:2)
  4 adders
  A giant mite (D:3)
  A giant gecko (D:2)
  2 orcs (D:3)
  7 bats
  2 giant cockroaches (D:3)
  9 hobgoblins
  A quokka (D:3)
  2 ball pythons
  2 giant newts
  17 goblins
  13 kobolds
  6 rats
70 creatures vanquished.

Notes
Turn   | Place    | Note
--------------------------------------------------------------
     0 | D:1      | Draco, the Gargoyle Monk, began the quest for the Orb.
     0 | D:1      | Reached XP level 1. HP: 14/14 MP: 1/1
   414 | D:1      | Reached XP level 2. HP: 13/19 MP: 2/2
  1076 | D:2      | Reached XP level 3. HP: 21/23 MP: 3/3
  1249 | D:2      | Noticed Robin
  1348 | D:2      | Found an ancient bone altar of Kikubaaqudgha.
  1641 | D:2      | Reached XP level 4. HP: 20/28 MP: 4/4
  1661 | D:2      | Killed Robin
  1850 | D:2      | Noticed Crazy Yiuf
  1896 | D:2      | Killed Crazy Yiuf
  2069 | D:3      | Found a white marble altar of Elyvilon.
  2378 | D:3      | Reached XP level 5. HP: 17/33 MP: 5/5
  2856 | D:4      | Noticed an ogre
  2886 | D:4      | Mangled by an ogre

Action                   |  1- 3 |  4- 6 || total
-------------------------+-------+-------++-------
Melee: Unarmed           |   177 |    41 ||   218
       Quarterstaff      |       |    60 ||    60
Throw: Tomahawk          |       |     1 ||     1
  Use: Potion            |     1 |     2 ||     3
       Scroll            |       |     3 ||     3
 Stab: Sleeping          |     2 |       ||     2
       Invisible         |       |     3 ||     3
       Confused          |       |     1 ||     1
  Eat: Bread ration      |     1 |       ||     1
       Meat ration       |       |     1 ||     1
